 Dungeon Crawl Stone Soup version 0.13-b1-24-g18a6e78 (webtiles) character file.

421 Lilouch the Cudgeler (level 6, 0/65 HPs)
             Began as an Ogre Berserker on Oct 3, 2013.
             Was a Believer of Trog.
             Killed from afar by Grinder (8 damage)
             ... with a wand of magic darts
             ... on Level 4 of the Dungeon.
             The game lasted 01:16:16 (3975 turns).

Lilouch the Cudgeler (Ogre Berserker)               Turns: 3975, Time: 01:16:16

HP   0/65        AC  4     Str 25      XL: 6   Next: 19%
MP   5/5         EV  8     Int  6      God: Trog [**....]
Gold 158         SH 16     Dex  9      Spells:  0 memorised,  5 levels left

Res.Fire  : . . .   See Invis. : .   a - +1,+0 mace
Res.Cold  : . . .   Warding    : .   i - +0 animal skin
Life Prot.: . . .   Conserve   : .   x - +0 shield
Res.Poison: .       Res.Corr.  : .   (helmet restricted)
Res.Elec. : .       Clarity    : +   u - +0 cloak
Sust.Abil.: . .     Spirit.Shd : .   (gloves unavailable)
Res.Mut.  : .       Stasis     : .   (boots unavailable)
Res.Rott. : .       Flight     : .   n - amulet of clarity
Saprovore : + . .                    (no ring)
                                     (no ring)

@: exhausted, slowed, very slow, slightly resistant to hostile enchantments,
very unstealthy
A: unfitting armour, fast metabolism 1, saprovore 1, tough skin 1
a: Burn Spellbooks, Berserk, Trog's Hand, Renounce Religion


You were on level 4 of the Dungeon.
You worshipped Trog.
Trog was pleased with you.
You were hungry.

You visited 1 branch of the dungeon, and saw 4 of its levels.

You collected 138 gold pieces.

Inventory:

Hand weapons
 a - a +1,+0 mace (weapon)
 v - a +1,+0 mace
 z - a -1 orcish blowgun
Missiles
 d - 3 darts
 h - 27 sling bullets
 l - 4 needles of confusion
 m - 62 stones
 o - 2 large rocks (quivered)
 A - 14 poisoned needles
 O - 6 darts of frost
Armour
 i - a +0 animal skin (worn)
 u - a +0 cloak (worn)
 x - a +0 shield (worn)
Comestibles
 c - 2 meat rations
 j - 3 bread rations
 k - a banana
 r - a honeycomb
 E - a rotting chunk of adder flesh
 M - a choko
 N - 2 rotting chunks of hobgoblin flesh
Scrolls
 f - 7 scrolls of identify
 g - a scroll of teleportation
 q - 2 scrolls of enchant weapon I
 s - a scroll of magic mapping {unknown}
 t - a scroll of enchant weapon II {unknown}
 w - a scroll of random uselessness {unknown}
 F - 2 scrolls of amnesia
 J - a scroll of fog {unknown}
Jewellery
 n - an amulet of clarity (around neck)
Potions
 b - 3 potions of restore abilities {unknown}
 e - 5 potions of curing {unknown}
 p - a potion of magic {unknown}
 B - 2 potions of speed {unknown}
 C - 2 potions of confusion {unknown}
 G - a potion of agility {unknown}


   Skills:
 + Level 6.1 Fighting
 + Level 6.8 Maces & Flails
 + Level 0.4 Throwing
 - Level 3.0 Dodging
 + Level 1.5 Shields


You had 5 spell levels left.
You didn't know any spells.

Dungeon Overview and Level Annotations

Branches:
Dungeon (4/27)
 Temple: D:4-7

Altars:

Annotations:
D:4 Grinder


Innate Abilities, Weirdness & Mutations

You are too large for most types of armour.
You have a fast metabolism.
You can tolerate rotten meat.
You have tough skin (AC +1).


Message History

Your Fighting skill increases to level 6!
You have reached level 6!
Your experience leads to an increase in your attributes!
Increase (S)trength, (I)ntelligence, or (D)exterity?
You feel stronger.
Grinder zaps a wand.
The magic dart hits you!
* * * LOW HITPOINT WARNING * * *
You smell something rotten. (slot E)
You feel a strong urge to attack something.
You are no longer berserk.
You are exhausted.
You feel yourself slow down.
You are feeling hungry.
Grinder gestures.
Grinder blinks!
Grinder gestures.
Grinder blinks!
There is a stone staircase leading up here.
Grinder zaps a wand.
The magic dart hits you!
You die...

###.#########
............@#
##...##.###5####...#
#......# #.>.....#
#......###.######..
#######.....###
..........#...#
#######..####.####
#..............#
#..###≈..≈###..#


You could see Grinder.

Vanquished Creatures
  An ogre (D:4)
  The ghost of Goboxel the Slasher, a weakling HESk of Okawaru (D:3)
  Jessica (D:3)
  Terence (D:3)
  4 adders
  An ooze (D:1)
  6 orcs
  7 hobgoblins
  8 jackals
  8 kobolds
  A ball python (D:3)
  9 bats
  3 giant cockroaches
  2 giant geckos
  5 giant newts
  9 goblins
  7 rats
74 creatures vanquished.

Notes
Turn   | Place    | Note
--------------------------------------------------------------
     0 | D:1      | Lilouch, the Ogre Berserker, began the quest for the Orb.
     0 | D:1      | Reached XP level 1. HP: 23/23 MP: 0/0
   702 | D:1      | Reached XP level 2. HP: 32/32 MP: 1/1
  1453 | D:1      | Reached XP level 3. HP: 17/39 MP: 2/2
  1967 | D:2      | Reached skill level 5 in Maces & Flails
  1971 | D:2      | Acquired Trog's second power
  2204 | D:2      | Reached skill level 5 in Fighting
  2561 | D:2      | Reached XP level 4. HP: 48/48 MP: 3/3
  3250 | D:3      | Noticed Goboxel's ghost (weakling HESk)
  3266 | D:3      | Killed Goboxel's ghost
  3319 | D:3      | Reached XP level 5. HP: 50/55 MP: 4/4
  3461 | D:3      | Noticed Jessica
  3465 | D:3      | Noticed Terence
  3471 | D:3      | Killed Jessica
  3471 | D:3      | Reached skill level 6 in Maces & Flails
  3480 | D:3      | Killed Terence
  3480 | D:3      | Reached skill level 1 in Shields
  3947 | D:4      | Noticed Grinder
  3947 | D:4      | Noticed an ogre
  3966 | D:4      | Killed an ogre
  3966 | D:4      | Reached XP level 6. HP: 16/65 MP: 5/5
  3975 | D:4      | Killed from afar by Grinder

Action                   |  1- 3 |  4- 6 || total
-------------------------+-------+-------++-------
Melee: Mace              |   132 |   115 ||   247
Throw: Large rock        |     2 |       ||     2
Invok: Berserk           |       |     3 ||     3
  Use: Scroll            |       |     5 ||     5
 Stab: Sleeping          |       |     1 ||     1
